 Dungeon Crawl Stone Soup version 0.23-a0-416-g33f1def (webtiles) character file.

43733 nujazz the Severer (level 13, -11/117 HPs)
             Began as a Minotaur Berserker on Nov 9, 2018.
             Was an Elder of Trog.
             Shot with an arrow by Nessos (20 damage)
             ... on level 6 of the Lair of Beasts.
             The game lasted 00:42:39 (13270 turns).

nujazz the Severer (Minotaur Berserker)            Turns: 13270, Time: 00:42:40

Health: -11/117    AC: 20    Str: 25    XL:     13   Next: 92%
Magic:  18/18      EV: 11    Int:  4    God:    Trog [****..]
Gold:   1118       SH:  0    Dex: 12    Spells: 12/12 levels left

rFire    + + .     SeeInvis .   H - +6 battleaxe (freeze)
rCold    + . .     Gourm    .   (shield currently unavailable)
rNeg     . . .     Faith    .   i - +1 gold dragon scales
rPois    +         Spirit   .   (helmet restricted)
rElec    .         Reflect  .   S - scarf {cloud immunity}
rCorr    .         Harm     .   (no gloves)
MR       .....                  (no boots)
Stlth    ..........             (no amulet)
HPRegen  0.29/turn              K - +1 ring of evasion
MPRegen  0.16/turn              b - ring of protection from fire

@: berserk cooldown, slowed, very slow
A: retaliatory headbutt, horns 2
a: Berserk, Trog's Hand, Brothers in Arms, Renounce Religion


You were on level 6 of the Lair of Beasts.
You worshipped Trog.
Trog was greatly pleased with you.
You were hungry.

You visited 2 branches of the dungeon, and saw 15 of its levels.
You also visited: Labyrinth and Volcano.

You collected 1118 gold pieces.

Inventory:

Hand Weapons
 A - a +2 hand axe of flaming
 E - a +1 shortbow of flaming
 H - a +6 battleaxe of freezing (weapon)
 I - a +5 war axe of freezing
 W - a +2 short sword of protection
 Y - a +0 broad axe
Missiles
 D - 10 tomahawks
 J - 7 tomahawks of returning
 O - 114 arrows
 P - 15 javelins (quivered)
 X - 43 sling bullets
Armour
 i - +1 gold dragon scales (worn)
 p - a +0 buckler
 u - a +0 shield
 y - a +0 cloak
 S - a scarf of cloud immunity (worn)
 Z - a +1 cloak of fire resistance
Jewellery
 b - a ring of protection from fire (right hand)
 z - an uncursed amulet of rage
 C - an uncursed amulet of the gourmand
 K - a +1 ring of evasion (left hand)
Wands
 o - a wand of random effects (45)
 v - a wand of polymorph (3)
 B - a wand of paralysis (28)
 N - a wand of digging (6)
 T - a wand of clouds (1)
 U - a wand of acid (9)
 V - a wand of flame (10)
Scrolls
 a - 3 scrolls of enchant weapon
 d - 4 scrolls of identify
 e - 3 scrolls of summoning {unknown}
 j - a scroll of blinking
 k - 12 scrolls of remove curse
 l - 3 scrolls of teleportation
 n - 2 scrolls of immolation
 r - 2 scrolls of fog
 Q - a scroll of acquirement {unknown}
 R - a scroll of magic mapping
Potions
 f - a potion of agility
 g - 9 potions of haste
 h - a potion of resistance
 m - a potion of heal wounds
 q - 4 potions of brilliance
 s - 9 potions of curing
 t - 3 potions of flight
 w - 3 potions of mutation
 x - 3 potions of lignification
 F - 3 potions of berserk rage
 G - 3 potions of magic
 L - a potion of cancellation {unknown}
 M - 3 potions of might
Comestibles
 c - 19 rations


   Skills:
 + Level 11.6 Fighting
 + Level 16.2 Axes
 - Level 14.1 Armour
 + Level 10.4 Dodging
 - Level 4.0 Shields
 - Level 8.0 Evocations


You had 12 spell levels left.
You didn't know any spells.
Your spell library contained the following spells:

 Spells                   Type           Power        Failure   Level  Hunger
 Apportation              Tloc           #.....       100%        1    ##.....
 Gell's Gravitas          Tloc           #.........   100%        3    ####...
 Lesser Beckoning         Tloc           #.........   100%        3    ####...


Dungeon Overview and Level Annotations

Branches:
Dungeon (9/15)             Temple (0/1) D:5            Lair (6/6) D:9
 Shoals (0/4) Lair:2        Snake (0/4) Lair:3        Slime (0/5) Lair:5
    Orc (0/2) D:9

Altars:
Nemelex Xobeh
Okawaru
Ru
Vehumet
Xom
Yredelemnul
Zin

Shops:
D:6 :   D:7 [

Annotations:
Lair:1 exclusion: oklob plant
Lair:6 Nessos


Innate Abilities, Weirdness & Mutations

You reflexively headbutt those who attack you in melee.
You have a pair of horns on your head.


Message History

* * * LOW HITPOINT WARNING * * *
You see here an arrow.
Nessos shoots an arrow.
The arrow hits you!
* * * LOW HITPOINT WARNING * * *
The arrow burns you.
* * * LOW HITPOINT WARNING * * *
Nessos blinks!
You see here an arrow.
You feel your anger nearly subside.
Nessos shouts, "I'm half man!
Half horse!
And all stone-cold KILLER!"
Nessos shoots an arrow.
The arrow hits you but does no damage.
You see here an arrow.
You are no longer berserk.
You are exhausted.
You feel yourself slow down.
Nessos blinks!
Nessos shoots an arrow.
The arrow hits you.
* * * LOW HITPOINT WARNING * * *
You see here 2 arrows.
You fail to use your ability.
Nessos shoots an arrow.
The arrow hits you!!
You die...

....# #.....# .##
#....P## .P.# ##
#......## .... #.#
##......##.... #.#
#.....c......#
#.####..§.........
##§##(...†........
##@#(.#............
#(###.##..##....##.
#§## ##.#†.P..††..#
#c# ##..........D.
#.# ##...........
#.# ##.P........ ##
###.P......
##P...... ..PP#...


You could see Nessos.

Vanquished Creatures
  A dire elephant (Lair:6)
  8 hydras
  A dancing weapon (Volcano)
  9 death yaks
  5 wizards (Volcano)
  Pikel (D:6)
  5 toenail golems (Volcano)
  5 black mambas
  10 spiny frogs
  6 rime drakes
  7 komodo dragons
  A polar bear (Lair:4)
  2 hornets (D:8)
  4 blink frogs
  9 dream sheep (Lair:5)
  2 slime creatures (Lair:5)
  6 hippogriffs
  A wyvern (Lair:6)
  9 yaks
  3 hungry ghosts
  A human (D:3)
  Grum (Lair:1)
  4 basilisks
  A soldier ant (D:8)
  16 water moccasins
  An orc warrior (D:5)
  7 porcupines
  A slave (D:6)
  2 sky beasts
  3 ogres
  A phantom (D:9)
  3 necrophages
  5 centaurs
  25 wolves
  13 crocodiles
  10 bullfrogs
  4 scorpions
  3 wights (D:8)
  An electric eel (Lair:2)
  3 jellies
  2 howler monkeys
  2 crimson imps
  A lava snake (Lair:1)
  3 hounds (D:8)
  A quasit (D:9)
  2 centaur skeletons
  4 orc priests
  2 orc wizards
  Jessica (D:2)
  Ijyb (D:3)
  2 iguanas
  Natasha (thrice) (D:3)
  6 worker ants
  3 ogre zombies (D:9)
  A hound zombie (D:7)
  2 hound skeletons
  A worker ant zombie (D:7)
  Robin (D:2)
  3 gnolls (D:7)
  19 adders
  A shadow imp (D:8)
  3 adder skeletons
  An adder zombie (D:5)
  4 worms
  A dart slug (D:2)
  6 leopard geckos
  17 orcs
  11 bats
  10 giant cockroaches
  25 goblins
  9 hobgoblins
  10 jackals
  2 quokkas
  A ball python (D:7)
  5 frilled lizards
  2 goblin skeletons (D:9)
  3 goblin zombies
  4 hobgoblin zombies (D:9)
  5 kobolds
  An orc skeleton (D:9)
  5 orc zombies (D:9)
  A quokka skeleton (D:7)
  6 rats
  A fungus (Lair:3)
  2 plants
396 creatures vanquished.

Vanquished Creatures (collateral kills)
  A minotaur (Lab)
  A two-headed ogre (D:8)
  6 elephants (Lair:6)
  A rime drake (Lair:6)
  A komodo dragon (Lair:3)
  2 blink frogs (Lair:3)
  A two-headed ogre zombie (D:9)
  A water moccasin (Lair:6)
  3 wolves (Lair:3)
  A centaur (D:9)
  A bullfrog (D:9)
  A troll zombie (D:9)
  A crimson imp (D:8)
  3 ogre zombies (D:9)
  A goblin zombie (D:9)
  A hobgoblin skeleton (D:9)
  2 hobgoblin zombies (D:9)
  7 orc zombies (D:9)
35 creatures vanquished.

Vanquished Creatures (others)
  11 fungi
  24 plants
35 creatures vanquished.

Grand Total: 466 creatures vanquished

Notes
Turn   | Place    | Note
-------+----------+-------------------------------------------
     0 | D:1      | nujazz the Minotaur Berserker began the quest for the Orb.
     0 | D:1      | Reached XP level 1. HP: 19/19 MP: 0/0
    83 | D:1      | Reached skill level 4 in Axes
    84 | D:1      | Reached XP level 2. HP: 19/27 MP: 1/1
   463 | D:2      | Noticed Robin
   466 | D:2      | Reached XP level 3. HP: 33/33 MP: 2/2
   467 | D:2      | Reached ** piety under Trog
   479 | D:2      | Killed Robin
   684 | D:2      | Reached XP level 4. HP: 38/40 MP: 3/3
   753 | D:2      | Noticed Jessica
   758 | D:2      | Killed Jessica
   758 | D:2      | Reached skill level 5 in Axes
   801 | D:2      | Found a sacrificial altar of Ru.
  1024 | D:3      | Reached XP level 5. HP: 28/46 MP: 4/4
  1293 | D:3      | Noticed a human
  1296 | D:3      | Found a runed door.
  1300 | D:3      | Found a basalt altar of Yredelemnul.
  1318 | D:3      | Killed a human
  1318 | D:3      | Reached skill level 6 in Axes
  1318 | D:3      | Reached skill level 5 in Armour
  1318 | D:3      | Reached XP level 6. HP: 52/52 MP: 5/5
  1395 | D:3      | Reached *** piety under Trog
  1457 | D:3      | Noticed Natasha
  1465 | D:3      | Killed Natasha
  1526 | D:3      | Noticed Ijyb
  1552 | D:3      | Killed Ijyb
  1728 | D:3      | Noticed Natasha
  1734 | D:3      | Killed Natasha
  1736 | D:3      | Noticed Natasha
  1743 | D:3      | Killed Natasha
  1778 | D:4      | Reached skill level 7 in Axes
  1788 | D:4      | Reached XP level 7. HP: 59/59 MP: 6/6
  1875 | D:4      | Reached skill level 1 in Shields
  2237 | D:5      | Entered Level 5 of the Dungeon
  2275 | D:5      | Reached skill level 8 in Axes
  2324 | D:5      | Paralysed by an orc for 2 turns
  2329 | D:5      | Paralysed by an orc for 2 turns
  2504 | D:5      | Reached XP level 8. HP: 66/66 MP: 7/7
  2531 | D:5      | Reached **** piety under Trog
  2923 | D:5      | Found a staircase to the Ecumenical Temple.
  3307 | D:6      | Noticed Pikel
  3326 | D:6      | Killed Pikel
  3326 | D:6      | Reached skill level 9 in Axes
  3419 | D:6      | Found a radiant altar of Vehumet.
  3421 | D:6      | Found Tagat's Book Boutique.
  3444 | D:6      | Found a sparkling altar of Nemelex Xobeh.
  3789 | D:7      | Found Upo Ung's Armour Shoppe.
  3810 | D:7      | Reached skill level 10 in Axes
  3842 | D:7      | Reached XP level 9. HP: 58/71 MP: 8/8
  4361 | D:8      | Reached skill level 10 in Armour
  4446 | D:8      | Noticed a two-headed ogre
  4469 | D:8      | Received a gift from Trog
  4470 | D:8      | Killed a two-headed ogre
  4470 | D:8      | Reached skill level 11 in Axes
  4754 | D:8      | Found a shimmering altar of Xom.
  4754 | D:8      | Found a shimmering altar of Xom.
  4786 | D:8      | Reached skill level 1 in Evocations
  5039 | D:8      | Reached XP level 10. HP: 78/79 MP: 10/10
  5303 | D:8      | Found a glowing silver altar of Zin.
  5377 | D:9      | Reached skill level 12 in Axes
  5499 | D:9      | Found a staircase to the Orcish Mines.
  5521 | D:9      | Paralysed by fainting for 8 turns
  5702 | D:9      | Found an iron altar of Okawaru.
  5905 | D:9      | Found a staircase to the Lair.
  6029 | D:9      | Reached ***** piety under Trog
  6268 | Lair:1   | Entered Level 1 of the Lair of Beasts
  6274 | Lair:1   | Noticed a spiny frog
  6277 | Lair:1   | Killed a spiny frog
  6359 | Lair:1   | Noticed an eight-headed hydra
  6527 | Lair:1   | Noticed an oklob plant
  6540 | Lair:1   | Noticed a five-headed hydra
  6543 | Lair:1   | Noticed a spiny frog
  6546 | Lair:1   | Killed an eight-headed hydra
  6549 | Lair:1   | Reached skill level 5 in Evocations
  6552 | Lair:1   | Killed a spiny frog
  6552 | Lair:1   | Reached skill level 13 in Axes
  6795 | Lair:1   | Noticed a spiny frog
  6803 | Lair:1   | Killed a spiny frog
  6803 | Lair:1   | Reached XP level 11. HP: 68/85 MP: 13/13
  6865 | Lair:1   | Noticed Grum
  6886 | Lair:1   | Killed Grum
  7013 | Lair:1   | Killed a seven-headed hydra
  7086 | Lair:2   | Reached skill level 5 in Fighting
  7609 | Lair:2   | Found a staircase to the Shoals.
  8420 | Lair:3   | Found a staircase to the Snake Pit.
  8442 | Lair:3   | Reached skill level 5 in Dodging
  8466 | Lair:3   | Noticed an eight-headed hydra
  8713 | Lair:3   | Found a labyrinth entrance.
  8731 | Lab      | Entered a labyrinth
  8784 | Lab      | Noticed a minotaur
  8788 | Lab      | Killed a minotaur
  8807 | Lab      | Identified Yddikib's Tome of the Voyage
  8808 | Lab      | Got a smoking leather armour
  9109 | Lair:3   | Reached XP level 12. HP: 74/100 MP: 14/16
  9140 | Lair:3   | Got a scorched leather armour
  9162 | Lair:3   | Killed a three-headed hydra
  9162 | Lair:3   | Reached skill level 14 in Axes
  9607 | Lair:4   | Noticed a four-headed hydra
  9608 | Lair:4   | Noticed an eight-headed hydra
  9618 | Lair:3   | Killed a one-headed hydra
  9752 | Lair:4   | Noticed a death yak
  9752 | Lair:4   | Noticed a death yak
  9753 | Lair:4   | Noticed a death yak
  9753 | Lair:4   | Noticed a death yak
  9777 | Lair:4   | Killed a death yak
  9783 | Lair:4   | Killed a death yak
  9791 | Lair:4   | Killed a death yak
  9796 | Lair:4   | Killed a death yak
 10276 | Lair:4   | Noticed a seven-headed hydra
 10282 | Lair:4   | Killed a four-headed hydra
 10698 | Lair:5   | Found a staircase to the Slime Pits.
 10772 | Lair:5   | Found a dark tunnel.
 10801 | Volcano  | Entered a volcano
 11129 | Volcano  | Reached XP level 13. HP: 107/111 MP: 18/18
 11182 | Volcano  | Reached skill level 15 in Axes
 11609 | Lair:5   | Reached skill level 10 in Fighting
 12219 | Lair:6   | Entered Level 6 of the Lair of Beasts
 13135 | Lair:6   | Reached skill level 10 in Dodging
 13140 | Lair:6   | Noticed a dire elephant
 13145 | Lair:6   | Reached skill level 16 in Axes
 13156 | Lair:6   | Killed a dire elephant
 13168 | Lair:6   | Noticed Nessos
 13270 | Lair:6   | Shot with an arrow by Nessos

Vault maps used:
D:1:      lemuel_arrival_behind_the_door_large, minmay_misc_feat_iff,
          minivault_23
D:2:      overflow_temple_1_default, gammafunk_temple_overflow_elements,
          minmay_misc_feat_square, uniq_jessica, uniq_robin
D:3:      kennysheep_goblin_castle, first_ration, dk_yredelemnul_ordeal,
          uniq_natasha
D:4:      grunt_ministairs_10, kennysheep_generic_room_12
D:5:      minmay_temple_entry_purple_smoke
D:6:      overflow_temple_1_default, serial_shops,
          nicolae_shop_temple_entry_statues_fountains,
          nemelex_lonely_heart_becter, uniq_pikel
D:7:      serial_shops, nicolae_shop_trees
D:8:      kennysheep_mini, hangedman_pestilent_swarm, xom_shifter_show
D:9:      kennysheep_okawaru_gauntlet, david_lair_generic, zombieorc2_lemuel
Lair:1:   st_stairs_10, minmay_lair_oklob_items, uniq_grum
Lair:2:   minmay_shoals_entry_centaurs, serial_bayou_shore_a,
          serial_bayou_shore_b
Lair:3:   minmay_snake_entry_six_corridors, lab_entry_generic,
          beast_lair_carwin_2, lemuel_fruit_tree
Lair:4:   st_stairs_3
Lair:5:   minmay_slime_entry_pillars, lightli_volcano_entry_magma_tube
Lair:6:   evil_forest, serial_bayou_pond_a, infiniplex_staircase_pool,
          grunt_megastairs_2, uniq_nessos
Lab:      nicolae_lab_dead_adventurers, lab_fountain
Volcano:  volcano_bunker

Skill      XL: |  1  2  3  4  5  6  7  8  9 10 11 12 13 |
---------------+----------------------------------------+-----
Axes           | 4 5 6 7 8 10 11 13 14 16 | 16.2
Fighting       | 4 7 9 11 | 11.6
Armour         | 3 4 5 6 7 9 11 12 13 14 | 14.1
Shields        | 3 4 |  4.0
Evocations     | 2 5 6 8 |  8.0
Dodging        | 5 7 10 | 10.4

Action                   |  1- 3 |  4- 6 |  7- 9 | 10-12 | 13-15 || total
-------------------------+-------+-------+-------+-------+-------++-------
Melee: Hand axe          |    65 |   162 |   159 |    35 |    25 ||   446
       Headbutt          |    14 |    25 |    59 |    84 |    29 ||   211
       War axe           |       |       |   111 |       |       ||   111
       Battleaxe         |       |       |    31 |   380 |   116 ||   527
Throw: Tomahawk          |       |       |     4 |     7 |       ||    11
       Throwing net      |       |       |     1 |       |       ||     1
       Javelin           |       |       |       |     4 |       ||     4
Invok: Berserk           |     2 |       |     4 |     6 |     2 ||    14
       Trog's Hand       |     2 |     4 |     2 |     9 |     3 ||    20
       Brothers in Arms  |       |       |     1 |     5 |     2 ||     8
Evoke: Wand              |       |       |       |       |     3 ||     3
  Use: Scroll            |     4 |     3 |     6 |    17 |     4 ||    34
       Potion            |       |       |       |       |     4 ||     4
 Stab: Held in net/web   |       |       |     1 |       |       ||     1
       Distracted        |       |       |       |     1 |       ||     1
  Eat: Chunk             |     2 |     1 |     5 |    14 |       ||    22
       Ration            |       |     1 |     4 |     6 |     3 ||    14
Armor: Animal skin       |     5 |       |       |       |       ||     5
       Gold dragon scale |    46 |   152 |   193 |   318 |   147 ||   856
Dodge: Dodged            |    25 |    28 |    69 |   140 |   118 ||   380
Block: Buckler           |       |       |     7 |       |       ||     7

Table legend:
 A = Non-vault XP
 B = Vault XP
 C = Vault XP percentage of total XP
 D = Non-vault monster count
 E = Vault monster count
 F = Vault count percentage of total count
                 A         B        C        D         E       F
            +---------+---------+-------+---------+---------+-------
      Total |   41542 |   20934 |  33.5 |     289 |     138 |  32.3
            +---------+---------+-------+---------+---------+-------
        D:1 |      33 |       0 |   0.0 |      20 |       0 |   0.0
        D:2 |      51 |      75 |  59.5 |      17 |      14 |  45.2
        D:3 |     176 |     290 |  62.2 |      27 |      15 |  35.7
        D:4 |     492 |      14 |   2.8 |      14 |       1 |   6.7
        D:5 |     690 |       0 |   0.0 |      28 |       0 |   0.0
        D:6 |     140 |     641 |  82.1 |       9 |       1 |  10.0
        D:7 |     446 |       0 |   0.0 |      18 |       0 |   0.0
        D:8 |    1729 |     786 |  31.3 |      18 |       4 |  18.2
        D:9 |     960 |    1437 |  59.9 |      15 |      42 |  73.7
     Lair:1 |    3722 |    1200 |  24.4 |      10 |       7 |  41.2
     Lair:2 |    3389 |     455 |  11.8 |      13 |       4 |  23.5
     Lair:3 |    4347 |    3484 |  44.5 |      23 |      19 |  45.2
     Lair:4 |    7516 |     115 |   1.5 |      23 |       1 |   4.2
     Lair:5 |   13300 |    2499 |  15.8 |      35 |      12 |  25.5
     Lair:6 |    4551 |    2738 |  37.6 |      19 |       6 |  24.0
        Lab |       0 |     858 | 100.0 |       0 |       1 | 100.0
    Volcano |       0 |    6342 | 100.0 |       0 |      11 | 100.0
            +---------+---------+-------+---------+---------+-------
